Match 38351743
Unlisted

Match 38351743
End
Kradschützen Motorcycle Team
Selects Armored Support Battlegroup
Selects Armored Support Battlegroup
Panzergrenadier Squad
Panzergrenadier Squad
Construct Light Support Kompanie
Panzergrenadier Squad
Fire Support Elements
Selects Superior Fire Drills
2.5-tonne Medical Truck
Selects Salvage Kits
Pak 38 Mechanized Group
Combat Half-tracks
MG34 Team
Selects Panzer Storm
Flakvierling Half-track
Construct Panzerarmee Kommand
Panzer III L Medium Tank
RAZER
救火队长杜聿明!
四杆大长枪
一杆小短枪
STALKER4732
TheGoodMoose
MIHua
Gengeol
0
0

Comments sign in to comment!

No comments posted yet!